 Dungeon Crawl Stone Soup version 0.31.0-11-ge490571c62 (webtiles) character file.

Game seed: 13529063955389208746

10 qw the Shooter (level 2, 0/14 HPs)
             Began as a Spriggan Hunter on Feb 4, 2024.
             Succumbed to their own poison gas
             ... on level 1 of the Dungeon.
             The game lasted 00:00:01 (607 turns).

qw the Shooter (Spriggan Hunter)                     Turns: 607, Time: 00:00:02

Health: 0/14       AC:  2    Str:  7    XL:     2   Next: 10%
Magic:  3/3        EV: 18    Int: 10    God:
Gold:   60         SH:  0    Dex: 18    Spells: 1/1 levels left

rFire   . . .        a - +0 shortbow
rCold   . . .        (shield currently unavailable)
rNeg    . . .        c - +0 robe
rPois   .            (helmet restricted)
rElec   .            (no cloak)
rCorr   .            (gloves unavailable)
SInv    +            (boots unavailable)
Will    .....        (no amulet)
Stlth   ++           (no ring)
HPRegen 0.22/turn    (no ring)
MPRegen 0.08/turn

%: no passive effects
@: lethally poisoned (0 -> -6), very quick
A: very small, no large weapons, unfitting armour, see invisible, speed 3
a: no special abilities


You were on level 1 of the Dungeon.
You visited 1 branch of the dungeon, and saw 1 of its levels.

You collected 60 gold pieces.


Innate Abilities, Weirdness & Mutations

You are very small and have problems with some larger weapons.
You are too small for most types of armour.
You have supernaturally acute eyesight. (SInv)
You cover ground extremely quickly. (Speed+++)


   Skills:
 - Level 1.5 Fighting
 - Level 4.0 Ranged Weapons
 + Level 3.8 Dodging
 - Level 1.5 Stealth


You had one spell level left.
You didn't know any spells.
Your spell library was empty.

Inventory:

Hand Weapons
 a - a +0 shortbow (weapon)
Armour
 c - a +0 robe (worn)
Potions
 e - a potion of cancellation
 f - a potion of heal wounds
 i - a potion of curing {unknown}
 j - a potion of enlightenment {unknown}

Dungeon Overview and Level Annotations

Branches:
Dungeon (1/15)

Altars:


Message History

598 ||| IDENTIFYING amethyst potion
As you read the scroll of identify, it crumbles to dust.
f - a potion of heal wounds Done exploring.
599 ||| READING scroll of identify.
599 ||| IDENTIFYING ruby potion
As you read the scroll of identify, it crumbles to dust.
h - a potion of degeneration Done exploring.
600 ||| READING scroll labelled DOUVASHOJU.
The air fills with toxic fumes!
As you read the scroll labelled DOUVASHOJU, it crumbles to dust.
It was a scroll of poison.
Done exploring.
601 ||| DROPPING scroll of butterflies.
You drop a scroll of butterflies.
Done exploring.
602 ||| DROPPING potion of degeneration.
You drop a potion of degeneration.
Done exploring.
What level of the Dungeon? (default 1, ? - help) Sorry, I don't know how to get there.
Enter note:
Enter note:
Enter note:
Enter note:
Enter note:
Enter note: You are engulfed in poison gas.
You are lethally poisoned!
You feel very sick.
604 ||| Stepping ~*~*~tactically~*~*~ (cloud).
You feel sick.
Things that are here:
a potion of degeneration; a scroll of butterflies; a ring of magical power
There is a lethal amount of poison in your body!
You feel very sick.
There is a lethal amount of poison in your body!
You feel sick.
There is a lethal amount of poison in your body!
You die...

#.###.###.# #.#
#.# #.# #.# #.#
#.# ..###.###.#
..........#
.####.#####
....#.#
......############
.........¤¤¤¤0¤¤@#
###.############0#
#.# #¤# ###.# #¤#
....# #¤#
########## #¤#
.....>...# #0#
########.# #¤##
#.# #..#


There were no monsters in sight!

Vanquished Creatures
  An endoplasm (D:1)
  A giant cockroach (D:1)
  3 hobgoblins (D:1)
  A kobold (D:1)
  2 ball pythons (D:1)
  A bat (D:1)
9 creatures vanquished.

Notes
Turn   | Place    | Note
-------+----------+-------------------------------------------
     0 | D:1      | qw the Spriggan Hunter began the quest for the Orb.
     0 | D:1      | Reached XP level 1. HP: 10/10 MP: 2/2
     0 | D:1      | 0 ||| qw: Version: 0.3-a-160-g6735b56
     0 | D:1      | 0 ||| qw: Game counter: 5964
     0 | D:1      | 0 ||| qw: Melee chars always use a shield: true
     0 | D:1      | 0 ||| qw: God list: Okawaru
     0 | D:1      | 0 ||| qw: Allow faded altars: false
     0 | D:1      | 0 ||| qw: Do Orc after clearing Dungeon:15 true
     0 | D:1      | 0 ||| qw: Do second Lair branch before Depths: true
     0 | D:1      | 0 ||| qw: Lair rune preference: random
     0 | D:1      | 0 ||| qw: Goals: Normal
     0 | D:1      | 0 ||| PLANNING D:1-11
   110 | D:1      | Reached skill level 3 in Dodging
   333 | D:1      | Reached XP level 2. HP: 14/14 MP: 3/3
   596 | D:1      | 596 ||| DROPPING ring of magical power.
   597 | D:1      | 597 ||| READING 3 scrolls labelled SEETY XYATE.
   597 | D:1      | 597 ||| IDENTIFYING inky potion
   598 | D:1      | 598 ||| READING 2 scrolls of identify.
   598 | D:1      | 598 ||| IDENTIFYING amethyst potion
   599 | D:1      | 599 ||| READING scroll of identify.
   599 | D:1      | 599 ||| IDENTIFYING ruby potion
   600 | D:1      | 600 ||| READING scroll labelled DOUVASHOJU.
   601 | D:1      | 601 ||| DROPPING scroll of butterflies.
   602 | D:1      | 602 ||| DROPPING potion of degeneration.
   604 | D:1      | 604 ||| Stepping ~*~*~tactically~*~*~ (cloud).
   605 | D:1      | HP: 2/14 [poisoned by you (poison gas)]
   607 | D:1      | Succumbed to their own poison gas

Levels and vault maps discovered:
D:1:      evilmike_arrival_plus, layout_loops_ring,
          hangedman_abyss_or_decor_lesser_grid

Skill      XL: |  1 |
---------------+----+-----
Dodging        | 3 |  3.8
Fighting       | |  1.5
Ranged Weapons | |  4.0
Stealth        | |  1.5

Action                     || total
---------------------------++-------
   Fire: Shortbow          ||    15
    Use: Scroll            ||     4
 Armour: Robe              ||     1
  Dodge: Dodged            ||     3

Table legend:
 A = Non-vault XP
 B = Vault XP
 C = Vault XP percentage of total XP
 D = Non-vault monster count
 E = Vault monster count
 F = Vault count percentage of total count
                 A         B        C        D         E       F
            +---------+---------+-------+---------+---------+-------
      Total |      15 |       0 |   0.0 |       9 |       0 |   0.0
            +---------+---------+-------+---------+---------+-------
        D:1 |      15 |       0 |   0.0 |       9 |       0 |   0.0
            +---------+---------+-------+---------+---------+-------
